 Dungeon Crawl Stone Soup version 0.30-a0-149-g7f746667c4 (webtiles) character file.

Game seed: 4977295642920822291

17019 Demosthentine the Cleaver (level 12, -2/113 HPs)
             Began as a Hill Orc Fighter on Sept 26, 2022.
             Was a High Priest of Beogh.
             Slain by an ice devil (3 damage)
             ... in an ice cave.
             The game lasted 00:17:35 (12583 turns).

Demosthentine the Cleaver (Hill Orc Fighter)       Turns: 12583, Time: 00:17:35

Health: -2/113     AC: 22    Str: 25    XL:     12   Next: 43%
Magic:  12/12      EV: 10    Int:  8    God:    Beogh [*****.]
Gold:   745        SH:  6    Dex: 15    Spells: 11/11 levels left

rFire   x . .      SeeInvis .    a - +1 war axe (drain)
rCold   + + .      Faith    .    c - +0 buckler
rNeg    + . .      Spirit   .    e - +4 ice dragon scales of Agnosticism {Fly rF- rC++ rN+ Str+3 Dex+3}
rPois   +          Reflect  .    (no helmet)
rElec   .          Harm     .    w - +0 cloak
rCorr   +          Rampage  .    j - +2 pair of gloves
Will    .....                    (no boots)
Stlth   ..........               (no amulet)
HPRegen 0.28/turn                p - ring of poison resistance
MPRegen 0.13/turn                x - ring of resist corrosion

@: flying, constricted
A: walk on water
a: Renounce Religion, Smiting, Recall Orcish Followers, Give Item to Named
Follower


You were in an ice cave.
You worshipped Beogh.
Beogh was extremely pleased with you.
You visited 2 branches of the dungeon, and saw 13 of its levels.
You also visited: Ossuary and Ice Cave.

You collected 937 gold pieces.
You spent 192 gold pieces at shops.

Inventory:

Hand Weapons
 a - a +1 war axe of draining (weapon)
Armour
 c - a +0 buckler (worn)
 e - the +4 ice dragon scales of Agnosticism (worn) {Fly rF- rC++ rN+ Str+3 Dex+3}
   (You acquired it on level 2 of the Dungeon)

   Str:       It affects your strength (+3).
   Dex:       It affects your dexterity (+3).
   rF:        It makes you vulnerable to fire.
   rC:        It greatly protects you from cold.
   rN:        It protects you from negative energy.
   Fly:       It grants you flight.
 j - a +2 pair of gloves (worn)
 w - a +0 cloak (worn)
Jewellery
 n - a ring of positive energy
 p - a ring of poison resistance (left hand)
 t - a +6 ring of strength
 x - a ring of resist corrosion (right hand)
 z - a ring of willpower
Wands
 v - a wand of charming (7)
 y - a wand of mindburst (15)
 E - a wand of flame (6)
 F - a wand of polymorph (20)
 G - a wand of digging (5)
 I - a wand of light (4)
Scrolls
 b - a scroll of fog
 h - 5 scrolls of fear
 i - 6 scrolls of enchant armour
 u - a scroll of enchant weapon
 A - 2 scrolls of teleportation
 D - 2 scrolls of identify
 H - a scroll of amnesia
 J - a scroll of poison {unknown}
 K - a scroll of summoning
Potions
 d - a potion of might
 f - 2 potions of lignification
 g - 2 potions of flight
 k - 6 potions of mutation
 l - a potion of haste
 m - 2 potions of brilliance
 o - 4 potions of magic
 q - 10 potions of curing
 r - 2 potions of resistance
 s - 2 potions of attraction
 B - 2 potions of cancellation
 C - 11 potions of ambrosia


   Skills:
 + Level 12.5 Fighting
 + Level 13.3 Axes
 + Level 11.5 Armour
 + Level 6.9 Dodging
 - Level 7.0 Shields


You had 11 spell levels left.
You didn't know any spells.
Your spell library contained the following spells:

 Spells                   Type           Power      Damage    Failure   Level
 Apportation              Tloc           0%         N/A       77%         1
 Sublimation of Blood     Necr           0%         N/A       88%         2
 Frozen Ramparts          Ice            0%         1d1       98%         3
 Animate Dead             Necr           0%         N/A       100%        4
 Ice Form                 Ice/Tmut       0%         N/A       100%        4
 Petrify                  Tmut/Erth      0%         N/A       100%        4
 Summon Ice Beast         Ice/Summ       0%         N/A       100%        4
 Alistair's Intoxication  Tmut/Pois      0%         N/A       100%        5
 Borgnjor's Vile Clutch   Necr/Erth      0%         N/A       100%        5
 Irradiate                Conj/Tmut      0%         3d11      100%        5
 Death Channel            Necr           0%         N/A       100%        6


Dungeon Overview and Level Annotations

Branches:
Dungeon (12/15)            Temple (1/1) D:6            Lair (0/5) D:9
    Orc (0/2) D:10        Ossuary (visited)           IceCv (1/1)

Altars:
Ashenzari
Cheibriados
Dithmenos
Elyvilon
Fedhas
Gozag
Hepliaklqana
Kikubaaqudgha
Makhleb
Nemelex Xobeh
Okawaru
Qazlal
Ru
Sif Muna
Trog
Uskayaw
Vehumet
Wu Jian
Xom
Yredelemnul
Zin
The Shining One

Shops:
D:2 (!:::   D:5 *


Message History

The harpy simulacrum freezes you. You resist.
* * * LOW HITPOINT WARNING * * *
You block the harpy simulacrum's attack.
The harpy simulacrum claws you but does no damage.
Okay, then.
Aiming: Bolt of Light
Press: ? - help, Shift-Dir - straight line, f - harpy simulacrum
Aim: a harpy simulacrum (heavily damaged, 90% to hit)
The bolt of light hits the harpy simulacrum!
The harpy simulacrum vaporises!
Beogh accepts your kill.
The bolt of light hits the ice devil!
The ice devil is almost dead.
The ice devil is blinded.
You block the anaconda simulacrum's attack.
The anaconda simulacrum bites you!
* * * LOW HITPOINT WARNING * * *
The anaconda simulacrum freezes you! You resist.
* * * LOW HITPOINT WARNING * * *
The anaconda simulacrum grabs you.
The anaconda simulacrum bites you but does no damage.
The anaconda simulacrum constricts you.
Okay, then.
Okay, then.
Okay, then.
Okay, then.
Unknown command.
Unknown command.
Aiming: Bolt of Light
Press: ? - help, Shift-Dir - straight line, f - polar bear simulacrum
Aim: a polar bear simulacrum (freezing vapour, 98% to hit)
The bolt of light hits the anaconda simulacrum!
The anaconda simulacrum is heavily damaged.
The anaconda simulacrum is blinded.
The bolt of light hits the polar bear simulacrum!
The polar bear simulacrum is severely damaged.
The polar bear simulacrum is blinded.
The anaconda simulacrum bites you but does no damage.
The anaconda simulacrum constricts you. The ice devil hits you.
You die...

..# ..§§○.# #..#
##..§☼§.. #...
#○°°#§§..
#..###☼#..§§. #
#§☼#§☼§○§#.# .#
#☼○..°○##☼#○○#
#§§Z°###§§#°.##
##.4Z#..§○....#
#.@.#..§§.....
#...#...####○.#
#..........°... #
#..#.......°.§#
#≈#..##..#.#.##.#
.≈≈...#.##.# §#
#≈≈#....#..## §#
##≈##..##...# #
## #.......#


You could see an ice devil (blind), an anaconda simulacrum (blind) and a polar
bear simulacrum (blind).

Vanquished Creatures
  A minotaur (D:11)
  The ghost of jimonade the Thaumaturge, a journeyman DjFE of Ashenzari (D:11)
  A two-headed ogre (D:9)
  2 boulder beetles (D:11)
  Nergalle (D:10)
  An obsidian statue (D:12)
  Pikel (D:6)
  An ugly thing (D:12)
  Maggie (D:6)
  4 ice devils (IceCv)
  A queen bee (D:11)
  The ghost of benadryl the Caller, a novice FeSu of Gozag (D:7)
  3 trolls
  A hornet (D:7)
  2 vampires
  A wraith (D:12)
  8 yaks
  A steam dragon (D:7)
  A death yak simulacrum (IceCv)
  Menkaure (D:6)
  2 harpy simulacra (IceCv)
  2 water moccasins
  An ice beast (D:7)
  An orc warrior (D:9)
  A sky beast (D:7)
  4 black bears
  2 ogres
  A centaur (D:7)
  A kobold brigand (D:7)
  2 phantoms
  A bullfrog (D:6)
  2 gnoll sergeants
  4 necrophages
  4 two-headed ogre simulacra
  A cane toad simulacrum (IceCv)
  2 scorpions (D:6)
  16 killer bees
  4 howler monkeys
  3 hounds
  2 orc priests
  Crazy Yiuf (D:6)
  3 jellies
  A gnoll bouda (D:7)
  Jessica (D:2)
  4 iguanas
  4 orc wizards (D:7)
  3 troll simulacra (IceCv)
  A spriggan simulacrum (IceCv)
  8 mummies (Ossuary)
  15 gnolls
  8 adders
  2 naga simulacra
  A shadow imp (D:5)
  4 white imps
  4 ufetubi
  2 worms
  23 orcs
  4 bats
  4 endoplasms
  4 giant cockroaches
  3 goblins
  4 hobgoblins
  6 jackals
  12 kobolds
  8 quokkas
  6 ball pythons
  5 frilled lizards
  3 hobgoblin zombies (Ossuary)
  4 kobold zombies (Ossuary)
  An orc zombie (Ossuary)
  4 rats
243 creatures vanquished.

Vanquished Creatures (collateral kills)
  3 two-headed ogres
  A gargoyle (D:11)
  An unseen horror (D:11)
  A troll (D:12)
  3 shadows
  2 wyverns (D:9)
  A wraith (D:11)
  7 yaks
  3 vampire mosquitoes (D:12)
  A death yak simulacrum (D:12)
  2 water moccasins (D:9)
  2 black bears (D:9)
  An orc warrior (D:8)
  3 wolves (D:9)
  2 gnoll sergeants (D:10)
  A two-headed ogre simulacrum (D:12)
  A wight (D:9)
  11 killer bees
  A howler monkey (D:10)
  An orc priest (D:9)
  2 orc wizards (D:9)
  3 troll simulacra (D:12)
  A spriggan simulacrum (D:12)
  9 gnolls
  An orc (D:8)
64 creatures vanquished.

Vanquished Creatures (others)
  An orc wizard (D:11)
  An orc warrior (D:11)
  4 orcs
  A fungus (D:9)
  6 plants (D:9)
13 creatures vanquished.

Grand Total: 320 creatures vanquished

Notes
Turn   | Place    | Note
-------+----------+-------------------------------------------
     0 | D:1      | Demosthentine the Hill Orc Fighter began the quest for the
                  | Orb.
     0 | D:1      | Reached XP level 1. HP: 19/19 MP: 1/1
   192 | D:1      | Reached skill level 3 in Axes
   192 | D:1      | Reached XP level 2. HP: 27/27 MP: 2/2
   870 | D:2      | Found a basalt altar of Yredelemnul.
   897 | D:2      | Found Link's Book Boutique.
   967 | D:2      | Found a faded altar of an unknown god.
  1067 | D:2      | Found Ciwofekh's Book Shop.
  1249 | D:2      | Reached XP level 3. HP: 33/33 MP: 3/3
  1344 | D:2      | Noticed Jessica
  1354 | D:2      | Killed Jessica
  1512 | D:2      | Found Nimpuirch's Distillery.
  1513 | D:2      | Found Tuziju's Book Emporium.
  1520 | D:2      | Bought a potion of curing for 42 gold pieces
  1565 | D:2      | Found Hagupari's Weapon Shop.
  1874 | D:2      | Identified a scroll of acquirement
  1874 | D:2      | Acquired the +4 ice dragon scales of Agnosticism {Fly rF-
                  | rC++ rN+ Str+3 Dex+3}
  1911 | D:3      | Became a worshipper of Beogh the Brigand
  1917 | D:3      | Reached XP level 4. HP: 40/40 MP: 4/4
  2547 | D:3      | Identified the +5 short sword "Oradde" {vorpal, *Rage rF+
                  | Str+4 Int+5}
  2596 | D:3      | Reached * piety under Beogh
  2762 | D:4      | Reached skill level 4 in Axes
  2847 | D:4      | Reached XP level 5. HP: 31/47 MP: 5/5
  3053 | D:4      | Noticed an ogre
  3347 | D:4      | Killed an ogre
  3348 | D:4      | Reached skill level 5 in Fighting
  3348 | D:4      | Reached XP level 6. HP: 27/56 MP: 6/6
  3960 | D:5      | Entered Level 5 of the Dungeon
  4012 | D:5      | Found Ypoleit's Assorted Antiques.
  4020 | D:5      | Bought a scroll labelled HAYSI RER LEWKI for 25 gold pieces
  4020 | D:5      | Bought a scroll labelled TAJ NEAHUEKANN for 25 gold pieces
  4020 | D:5      | Bought a scroll labelled QUTWITHRE AJUIQ for 25 gold pieces
  4020 | D:5      | Bought a potion of curing for 75 gold pieces
  4120 | D:5      | Found an ancient bone altar of Kikubaaqudgha.
  4121 | D:5      | Found a broken altar of Ashenzari.
  4209 | D:5      | Reached skill level 5 in Axes
  4233 | D:5      | Found a basalt altar of Yredelemnul.
  4418 | D:5      | Reached skill level 5 in Armour
  4418 | D:5      | Reached skill level 5 in Shields
  4418 | D:5      | Reached XP level 7. HP: 51/61 MP: 7/7
  4519 | D:5      | Found a broken altar of Ashenzari.
  4521 | D:5      | Found a shimmering blue altar of Sif Muna.
  4521 | D:5      | Found a broken altar of Ashenzari.
  4523 | D:5      | Found an iron altar of Okawaru.
  4523 | D:5      | Found a shimmering altar of Xom.
  4523 | D:5      | Found a basalt altar of Yredelemnul.
  4780 | D:6      | Reached skill level 6 in Axes
  4932 | D:6      | Reached ** piety under Beogh
  4960 | D:6      | Noticed Maggie
  4963 | D:6      | Reached XP level 8. HP: 71/71 MP: 8/8
  5208 | D:6      | Found a staircase to the Ecumenical Temple.
  5215 | D:6      | Noticed Menkaure
  5222 | D:6      | Killed Menkaure
  5223 | D:6      | Reached skill level 7 in Axes
  5226 | Temple   | Entered the Ecumenical Temple
  5561 | D:6      | Noticed Pikel
  5580 | D:6      | Killed Pikel
  5581 | D:6      | Reached XP level 9. HP: 51/80 MP: 9/9
  5797 | D:6      | Killed Maggie
  5798 | D:6      | Reached skill level 8 in Axes
  5798 | D:6      | Reached skill level 1 in Dodging
  6047 | D:6      | Found a runed translucent door.
  6048 | D:6      | Noticed Crazy Yiuf
  6059 | D:6      | Killed Crazy Yiuf
  6432 | D:7      | Reached skill level 9 in Axes
  6501 | D:7      | Found a sand-covered staircase.
  6510 | Ossuary  | Entered an ossuary
  6542 | Ossuary  | Reached *** piety under Beogh
  6934 | D:7      | Found a transporter.
  6939 | D:7      | Found a transporter.
  6940 | D:7      | Noticed a hornet
  6940 | D:7      | Noticed benadryl's ghost (novice FeSu)
  7084 | D:7      | Reached XP level 10. HP: 85/91 MP: 10/10
  7091 | D:7      | Killed benadryl's ghost
  7448 | D:8      | Reached skill level 10 in Axes
  7659 | D:8      | Found a hide-covered altar of Uskayaw.
  7886 | D:9      | Reached **** piety under Beogh
  7891 | D:9      | Reached skill level 10 in Fighting
  7898 | D:9      | Found a staircase to the Lair.
  8141 | D:9      | Found a white marble altar of Elyvilon.
  8177 | D:9      | Noticed a two-headed ogre
  8184 | D:9      | Killed a two-headed ogre
  8302 | D:9      | Found a burning altar of Makhleb.
  8391 | D:9      | Reached skill level 11 in Axes
  8571 | D:9      | Reached XP level 11. HP: 43/101 MP: 11/11
  9034 | D:10     | Entered Level 10 of the Dungeon
  9237 | D:10     | Noticed a two-headed ogre
  9245 | D:10     | Killed a two-headed ogre
  9246 | D:10     | Reached skill level 5 in Dodging
  9354 | D:10     | Reached skill level 10 in Armour
  9716 | D:10     | Found a staircase to the Orcish Mines.
  9722 | D:10     | Found a bloodstained altar of Trog.
  9800 | D:10     | Noticed Nergalle
  9810 | D:10     | Killed Nergalle
  9810 | D:10     | Gained Learuk as an ally
  9935 | D:11     | Reached ***** piety under Beogh
 10062 | D:11     | Gained Boruk as an ally
 10175 | D:11     | Noticed a minotaur
 10175 | D:11     | Noticed jimonade's ghost (journeyman DjFE)
 10263 | D:11     | Found a runed translucent gate.
 10263 | D:11     | Found a runed translucent gate.
 10264 | D:11     | Found a runed translucent gate.
 10348 | D:11     | Reached skill level 12 in Axes
 10381 | D:11     | Noticed a boulder beetle
 10398 | D:11     | Killed a boulder beetle
 10444 | D:11     | Noticed a boulder beetle
 10455 | D:11     | Killed a boulder beetle
 11181 | D:11     | Killed a minotaur
 11184 | D:11     | Killed jimonade's ghost
 11382 | D:12     | Noticed a two-headed ogre
 11389 | D:12     | Killed a two-headed ogre
 11390 | D:12     | Reached XP level 12. HP: 90/112 MP: 12/12
 11632 | D:12     | Noticed a two-headed ogre
 11636 | D:12     | Noticed a soul eater
 11641 | D:12     | Killed a two-headed ogre
 11701 | D:12     | Found a frozen archway.
 11705 | D:12     | Gained Murdo as an ally
 11706 | D:12     | Reached skill level 13 in Axes
 11751 | IceCv    | Entered an ice cave
 12582 | IceCv    | HP: 1/113 [anaconda simulacrum (10)]
 12583 | IceCv    | Slain by an ice devil

Illustrated notes

Levels and vault maps discovered:
D:1:      giann_bridges, layout_loops_ring, grunt_decor_mini_mirrors
D:2:      minmay_general_purpose_star, layout_loops_ring, serial_shops, shop,
          shop_statue, nicolae_shop_behind_doors, shop,
          nicolae_shop_bloodbath_and_beyond, nicolae_ecumenical_oubliette,
          basic_altar, wad_woods_river_04, uniq_jessica
D:3:      layout_loops_corners, kennysheep_generic_room_6
D:4:      layout_basic, nicolae_figureground_pulse
D:5:      layout_loops_cross, general_overflow_altar, doesnt_xom_only_xom,
          mainiacjoe_overflow_divided_tiny, serial_shops,
          nicolae_shop_advertising_works [nicolae_subvault_shop_adworks],
          st_stairs_1
D:6:      layout_loops_ring, minmay_temple_entry_statues_pillars,
          grunt_ministairs_6, uniq_maggie, uniq_pikel, uniq_menkaure,
          uniq_crazy_yiuf_cottage
D:7:      layout_basic, gammafunk_ghost_hive, nicolae_ossuary_entry_monument
D:8:      layout_rooms, nicolae_uskayaw_dance_hall
D:9:      layout_loops_ring, kennysheep_mini_moat, lemuel_doored_altar,
          minmay_lair_entry_grove
D:10:     layout_irregular_city, mainiacjoe_overflow_alcove_1, uniq_nergalle
D:11:     layout_roguey, special_room [special_room_bee],
          gauntlet_entry_generic, maelrawn_ghost_gauntlet_escape
D:12:     layout_loops_ring, portal_ice_cave_entry_ice_simulacra,
          minmay_statue_bubble
Temple:   eino_narrow_crystal_temple
IceCv:    ice_cave_small_demon

Skill      XL: |  1  2  3  4  5  6  7  8  9 10 11 12 |
---------------+-------------------------------------+-----
Axes           | 3 4 5 6 7 9 11 12 13 | 13.3
Fighting       | 4 5 6 7 9 10 11 12 | 12.5
Shields        | 4 5 7 |  7.0
Armour         | 4 5 7 8 9 11 | 11.5
Dodging        | 2 4 6 |  6.9

Action                   |  1- 3 |  4- 6 |  7- 9 | 10-12 || total
-------------------------+-------+-------+-------+-------++-------
Melee: War axe           |    89 |   159 |   311 |   353 ||   912
Invok: Convert to Beogh  |     1 |       |       |       ||     1
Evoke: Wand              |       |       |       |     2 ||     2
  Use: Scroll            |     6 |     5 |     8 |     8 ||    27
       Potion            |       |       |     3 |     3 ||     6
 Stab: Sleeping          |       |     1 |       |       ||     1
       Distracted        |       |       |       |     8 ||     8
       Confused          |       |       |       |     1 ||     1
Armor: Scale mail        |    57 |       |       |       ||    57
       Ice dragon scales |       |    87 |   188 |   270 ||   545
Dodge: Dodged            |    53 |    83 |   136 |   218 ||   490
Block: Buckler           |    26 |    36 |    80 |   123 ||   265

Table legend: (Time is in decaauts)
 A = Elapsed time spent in this place.
 B = Non-inter-level travel time spent in this place.
 C = Inter-level travel time spent in this place.
 D = Time resting spent in this place.
 E = Time spent auto-exploring this place.
 F = Levels seen in this place.
 G = Mean time per level.
                   A        B        C        D        E       F      G
               +--------+--------+--------+--------+--------+-----+--------+
         Total |  12736 |  12553 |    183 |   1150 |   8896 |  15 |  849.1 |
       Dungeon |  11359 |  11176 |    183 |    517 |   8361 |  12 |  946.6 |
        Temple |    194 |    194 |      0 |      0 |    175 |   1 |  194.0 |
       Ossuary |    357 |    357 |      0 |      0 |    264 |   1 |  357.0 |
      Ice Cave |    824 |    824 |      0 |    633 |     96 |   1 |  824.0 |
               +--------+--------+--------+--------+--------+-----+--------+

Top non-repeatable levels by time:
    D:11: 1430 daAuts
     D:6: 1235 daAuts
     D:9: 1213 daAuts
     D:3: 1088 daAuts
     D:2: 1082 daAuts
     D:4: 1010 daAuts
     D:7: 913 daAuts
    D:10: 897 daAuts
     D:1: 873 daAuts
   IceCv: 824 daAuts
     D:5: 752 daAuts
     D:8: 476 daAuts
    D:12: 386 daAuts
 Ossuary: 357 daAuts
  Temple: 194 daAuts
